 Dungeon Crawl Stone Soup version 0.26.0-10-g1f06aea511 (webtiles) character file.

Game seed: 13284631394583510283

388 Borgoz the Slasher (level 6, 0/51 HPs)
             Began as a Ghoul Gladiator on Jan 15, 2021.
             Slain by a leopard gecko zombie (4 damage)
             ... on level 4 of the Dungeon.
             The game lasted 00:03:59 (3199 turns).

Borgoz the Slasher (Ghoul Gladiator)                Turns: 3199, Time: 00:04:00

Health: 0/51       AC:  8    Str: 18    XL:     6   Next: 79%
Magic:  5/5        EV: 12    Int:  3    God:
Gold:   168        SH:  0    Dex: 12    Spells: 5/5 levels left

rFire    . . .     SeeInvis +   a - +0 long sword
rCold    + . .     Faith    .   (no shield)
rNeg     + + +     Spirit   .   q - +0 ring mail
rPois    ∞         Reflect  .   c - +0 helmet
rElec    .         Harm     .   g - +0 cloak
rCorr    .         Rampage  .   (no gloves)
Will     .....                  (no boots)
Stlth    +.........             (no amulet)
HPRegen  0.00/turn              e - ring of see invisible
MPRegen  0.09/turn              (no ring)

@: no status effects
A: claws 1, cold resistance 1, negative energy resistance 3, inhibited
regeneration, torment resistance, unbreathing
a: no special abilities


You were on level 4 of the Dungeon.
You visited 1 branch of the dungeon, and saw 5 of its levels.

You collected 168 gold pieces.

Inventory:

Hand Weapons
 a - a +0 long sword (weapon)
Missiles
 d - 2 throwing nets (quivered)
Armour
 c - a +0 helmet (worn)
 g - a +0 cloak (worn)
 q - a +0 ring mail (worn)
Jewellery
 e - a ring of see invisible (left claw)
 o - an uncursed ring of fire
Scrolls
 f - 3 scrolls of fear {unknown}
 l - 2 scrolls of amnesia {unknown}
 m - a scroll of magic mapping {unknown}
 p - 2 scrolls of remove curse {unknown}
Potions
 i - a potion of flight
 j - a potion of might {unknown}
 k - 2 potions of attraction {unknown}


   Skills:
 + Level 3.6 Fighting
 * Level 4.4 Long Blades
 - Level 1.7 Throwing
 * Level 3.3 Armour
 + Level 3.6 Dodging


You had 5 spell levels left.
You didn't know any spells.
Your spell library was empty.

Dungeon Overview and Level Annotations

Branches:
Dungeon (5/15)
 Temple: D:4-7

Altars:
Uskayaw


Innate Abilities, Weirdness & Mutations

You thrive by killing the living.
You are immune to poison.
You have sharp fingernails.
Your flesh is cold resistant. (rC+)
You are immune to negative energy. (rN+++)
You do not regenerate when monsters are visible.
You are immune to unholy pain and torment.
You can survive without breathing.


Message History

The worm closely misses you.
You slash the worm!
The worm is heavily wounded.
The leopard gecko zombie closely misses you.
The worm bites you but does no damage.
You completely miss the worm.
The worm is heavily wounded.
The leopard gecko zombie barely misses you.
The worm bites you.
* * * LOW HITPOINT WARNING * * *
The leopard gecko zombie closely misses you.
You hit the worm.
The worm is almost dead.
The leopard gecko zombie bites you but does no damage.
You hit the worm.
The worm is almost dead.
The worm bites you.
* * * LOW HITPOINT WARNING * * *
The leopard gecko zombie bites you.
You die...

.....#.....##
............####
..8............#
[..............#
.............#######
##...........##...##
..#.....##.#...##....#
...............##Z..###
................@w..[.#
..............>.)#.#..#
...........#..######..#
........$..#..##.###...)
..................###...#
.....<..........#..###....
..............### .###.....
.....##......####..........
.##.. #..............#.....


You could see a worm and a leopard gecko zombie.

Vanquished Creatures
  A bullfrog zombie (D:4)
  An orc wizard (D:3)
  A centaur skeleton (D:4)
  3 orc priests (D:3)
  2 worker ants (D:4)
  4 adders
  A howler monkey skeleton (D:4)
  2 oozes
  2 worms
  A dart slug (D:3)
  2 leopard geckos
  13 orcs
  A ball python (D:2)
  A giant cockroach (D:3)
  6 goblins (D:1)
  8 hobgoblins
  7 jackals (D:2)
  A quokka (D:3)
  7 bats
  10 frilled lizards
  A jackal skeleton (D:4)
  9 kobolds
  A leopard gecko skeleton (D:4)
  A leopard gecko zombie (D:4)
  10 rats
96 creatures vanquished.

Notes
Turn   | Place    | Note
-------+----------+-------------------------------------------
     0 | D:1      | Borgoz the Ghoul Gladiator began the quest for the Orb.
     0 | D:1      | Reached XP level 1. HP: 17/17 MP: 0/0
   293 | D:1      | Reached XP level 2. HP: 18/24 MP: 1/1
   396 | D:1      | Reached skill level 3 in Long Blades
   524 | D:1      | Reached skill level 1 in Armour
   725 | D:1      | Reached XP level 3. HP: 30/30 MP: 2/2
  1509 | D:2      | Reached XP level 4. HP: 35/37 MP: 3/3
  1877 | D:3      | Found a hide-covered altar of Uskayaw.
  1911 | D:3      | Reached XP level 5. HP: 32/44 MP: 4/4
  2300 | D:3      | Reached skill level 4 in Long Blades
  2674 | D:3      | Reached XP level 6. HP: 51/51 MP: 5/5
  3159 | D:5      | Entered Level 5 of the Dungeon
  3159 | D:5      | Noticed an ice beast
  3159 | D:5      | Noticed a wyvern
  3199 | D:4      | Slain by a leopard gecko zombie

Illustrated notes

Levels and vault maps discovered:
D:1:      ebering_trefoil_twist, layout_loops_ring
D:2:      kennysheep_big_flooded_room, layout_loops_corners
D:3:      layout_rooms, general_overflow_altar, kennysheep_generic_room_14
D:4:      layout_cave_pools, ashenzari_conservatory_becter, serial_undead,
          serial_undead_d, serial_undead_c, serial_undead_b, serial_undead_a,
          serial_undead_b, serial_undead_d, uniq_menkaure, uniq_duvessa
D:5:      layout_loops_ring, nicolae_overflow_hidden_temple,
          uniq_prince_ribbit1, uniq_crazy_yiuf_cottage, uniq_grinder

Skill      XL: |  1  2  3  4  5  6 |
---------------+-------------------+-----
Long Blades    | 3 4 |  4.4
Armour         | 1 2 3 |  3.3
Dodging        | 3 |  3.6
Fighting       | 3 |  3.6
Throwing       | |  1.7

Action                   |  1- 3 |  4- 6 || total
-------------------------+-------+-------++-------
Melee: Long sword        |   115 |   192 ||   307
Throw: Throwing net      |       |     1 ||     1
  Use: Scroll            |       |     6 ||     6
       Potion            |       |     3 ||     3
Armor: Leather armour    |    38 |    15 ||    53
       Ring mail         |       |    66 ||    66
Dodge: Dodged            |    87 |   143 ||   230
       Rpst.: Long sword |    39 |    47 ||    86
